 Dungeon Crawl Stone Soup version 0.22.0-49-gab54619 (webtiles) character file.

56 inc the Conjurer (level 3, -4/21 HPs)
             Began as an Octopode Fire Elementalist on Sept 6, 2018.
             Slain by an orc priest
             ... wielding a +0 war axe
              (12 damage)
             ... on level 3 of the Dungeon.
             The game lasted 00:02:35 (2140 turns).

inc the Conjurer (Octopode Fire Elementalist)       Turns: 2140, Time: 00:02:36

Health: -4/21      AC:  1    Str:  7    XL:     3   Next: 95%
Magic:  1/6        EV: 13    Int: 24    God:
Gold:   126        SH:  0    Dex: 12    Spells: 2/6 levels left

rFire    . . .     SeeInvis .   e - +0 short sword
rCold    . . .     Gourm    .   (no shield)
rNeg     . . .     Faith    .   (helmet restricted)
rPois    .         Spirit   .   d - amulet of rage
rElec    .         Reflect  .   n - +6 ring of intelligence
rCorr    .         Harm     .   (no ring)
MR       .....                  (no ring)
Stlth    +++.......             (no ring)
HPRegen  0.07/turn              (no ring)
MPRegen  0.10/turn              (no ring)
                                (no ring)
                                (no ring)

@: very slightly contaminated
A: almost no armour, stealthy swim, amphibious, 8 rings, constrict 8, camouflage
1, gelatinous body 1
a: Evoke Berserk Rage


You were on level 3 of the Dungeon.
You were not hungry.

You visited 1 branch of the dungeon, and saw 3 of its levels.

You collected 126 gold pieces.

Inventory:

Hand Weapons
 e - a +0 short sword (weapon)
 s - a +2 vampiric spear
Jewellery
 d - an amulet of rage (around mantle)
 n - a +6 ring of intelligence (left tentacle)
Scrolls
 c - 3 scrolls of enchant armour {unknown}
 f - a scroll of fog {unknown}
 g - a scroll of enchant weapon {unknown}
 h - 5 scrolls of identify {unknown}
 k - a scroll of magic mapping {unknown}
 m - 2 scrolls of teleportation {unknown}
 r - 3 scrolls of blinking {unknown}
Potions
 a - a potion of heal wounds {unknown}
 i - a potion of might {unknown}
 j - a potion of mutation {unknown}
 l - a potion of lignification {unknown}
 o - 2 potions of haste {unknown}
 p - a potion of cancellation {unknown}
 q - a potion of flight {unknown}
Comestibles
 b - 6 rations


   Skills:
 - Level 2.0 Dodging
 - Level 2.6 Stealth
 - Level 2.0 Spellcasting
 + Level 3.4 Conjurations
 + Level 3.2 Fire Magic


You had 2 spell levels left.
You knew the following spells:

 Your Spells              Type           Power        Failure   Level  Hunger
a - Flame Tongue          Conj/Fire      ###..        3%          1    #......
b - Conjure Flame         Conj/Fire      ###.....     9%          3    ###....

Your spell library contained the following spells:

 Spells                   Type           Power        Failure   Level  Hunger
 Throw Flame              Conj/Fire      ###...       4%          2    ##.....
 Inner Flame              Hex/Fire       ##......     19%         3    ###....
 Sticky Flame             Conj/Fire      ###.....     30%         4    #####..
 Fireball                 Conj/Fire      ###.......   63%         5    ######.


Dungeon Overview and Level Annotations

Branches:
Dungeon (3/15)

Altars:
Uskayaw


Innate Abilities, Weirdness & Mutations

You cannot wear most types of armour.
You are very stealthy in the water. (Stealth+)
You are amphibious.
You can wear up to eight rings at the same time.
You can use your tentacles to constrict eight enemies at once.
Your skin changes colour to match your surroundings (Stealth+).
Your rubbery body absorbs attacks. (AC +1, EV +1)


Message History

The flame tongue hits the orc priest.
The orc priest appears unharmed.
The orc priest calls down the wrath of Beogh upon you.
Beogh smites you!
Ouch! That really hurt!
Casting: Flame Tongue (safe; 3% risk of failure)
Confirm with . or Enter, or press ? or * to list all spells.
Aiming: Flame Tongue (safe; 3% risk of failure)
Press: ? - help, Shift-Dir - straight line, f/p - orc priest
Aim: an orc priest, wielding a war axe and wearing a chain mail The flame tongue hits the orc priest.
The orc priest appears unharmed.
Casting: Flame Tongue (safe; 3% risk of failure)
Confirm with . or Enter, or press ? or * to list all spells.
Aiming: Flame Tongue (safe; 3% risk of failure)
Press: ? - help, Shift-Dir - straight line, f/p - orc priest
Aim: an orc priest, wielding a war axe and wearing a chain mail The flame tongue hits the orc priest.
The orc priest is severely wounded.
The orc priest hits you with a war axe!
Ouch! That really hurt!
You die...

.##...## .##...# #
###...## .# #8...8#
#######.# ##...#### ###
#.......# #
#...##8###8####.......#
###............##.......#
.#8.....................#
.##.............@oo.....#
.###8###8###8#..###.#####
.######### ###..##..####
.#..#...## #..........#
.........## #....o.....#
............#....o.....#
................o#######
.....................r..
...............#........


You could see 2 orc priests.

Vanquished Creatures
  2 adders (D:2)
  A dart slug (D:1)
  2 leopard geckos
  An orc (D:3)
  6 bats
  2 giant cockroaches (D:1)
  A goblin (D:2)
  4 hobgoblins
  3 kobolds (D:1)
  A quokka (D:3)
  5 frilled lizards
  5 rats (D:1)
33 creatures vanquished.

Notes
Turn   | Place    | Note
-------+----------+-------------------------------------------
     0 | D:1      | inc the Octopode Fire Elementalist began the quest for the
                  | Orb.
     0 | D:1      | Reached XP level 1. HP: 11/11 MP: 3/3
   351 | D:1      | Reached XP level 2. HP: 17/17 MP: 0/5
  1078 | D:1      | Reached XP level 3. HP: 11/21 MP: 1/6
  1748 | D:2      | Found a faded altar of an unknown god.
  1852 | D:2      | Learned a level 3 spell: Conjure Flame
  2123 | D:3      | Found a hide-covered altar of Uskayaw.
  2124 | D:3      | Noticed a dagger
  2124 | D:3      | Noticed a dagger
  2140 | D:3      | Slain by an orc priest

Skill      XL: |  1  2  3 |
---------------+----------+-----
Conjurations   | 2 3 |  3.4
Dodging        | |  2.0
Stealth        | |  2.6
Spellcasting   | |  2.0
Fire Magic     | |  3.2

Action                   || total
-------------------------++-------
Melee: Unarmed           ||     4
       Constrict         ||     5
       Tentacles         ||     2
       Short sword       ||     7
 Cast: Flame Tongue      ||    57
  Eat: Chunk             ||     4
Armor: Skin              ||     2
Dodge: Dodged            ||    32
